Map: [G8] Dragon Scales

Players

ShoWTimE

  • Race: Protoss Protoss
  • Spawn Location: 11:00

Reynor - Winner!

  • Race: Zerg Zerg
  • Spawn Location: 5:00

Event: Gamers8 2023

VOD

Have the link to the VOD?

Description

Time

  • Played on: Aug. 4, 2023, 8:39 a.m.
  • Length: 15:12

All games in this series

Show
View Real Time Build Order
Export as new Build Order

ShoWTimE Protoss 

Build Orders: 1 Gate Expand, Oracle Opening 

Get SALT Encoding   

  12  0:00  Probe  
  13  0:12  Probe  
  14  0:17  Pylon  
  14  0:24  Probe  
  14  0:28  Assimilator  
  15  0:36  Probe (Chrono Boost)  
  16  0:42  Gateway  
  16  0:48  Probe (Chrono Boost)  
  18  0:57  Probe (Chrono Boost)  
  18  1:03  Probe  
  19  1:15  Probe  
  20  1:23  Nexus  
  20  1:32  Cybernetics Core  
  20  1:36  Probe  
  21  1:40  Assimilator  
  21  1:48  Probe  
  21  1:49  Pylon  
  22  2:00  Probe  
  23  2:06  Adept (Chrono Boost)  
  23  2:12  Probe, Stargate  
  26  2:19  Warp Gate  
  26  2:25  Probe (Chrono Boost)  
  26  2:28  Adept  
  29  2:35  Probe (Chrono Boost)  
  31  2:43  Probe (Chrono Boost)  
  32  2:44  Probe (Chrono Boost)  
  32  2:49  Probe x2 (Chrono Boost)  
  33  2:53  Oracle (Chrono Boost)  
  37  2:58  Adept  
  37  3:01  Probe x2  
  37  3:04  Pylon  
  41  3:10  Gateway  
  41  3:13  Probe  
  41  3:15  Probe  
  43  3:22  Oracle (Chrono Boost)  
  46  3:27  Probe x2  
  48  3:39  Probe  
  48  3:40  Probe  
  50  3:42  Pylon  
  50  3:51  Probe  
  50  3:52  Probe  
  50  3:54  Nexus  
  52  3:57  Oracle (Chrono Boost)  
  55  4:03  Probe  
  55  4:04  Pylon, Probe  
  55  4:08  Adept  
  59  4:11  Adept  
  59  4:15  Probe  
  59  4:16  Assimilator  
  62  4:18  Assimilator  
  62  4:22  Probe  
  63  4:25  Pylon  
  63  4:27  Probe  
  64  4:35  Probe  
  64  4:36  Forge  
  64  4:38  Robotics Facility  
  65  4:39  Probe  
  66  4:47  Probe  
  66  4:52  Probe  
  68  4:53  Sentry x2  
  68  4:55  Pylon  
  68  4:59  Probe  
  71  5:03  Protoss Ground Weapons Level 1  
  71  5:04  Probe  
  71  5:06  Probe  
  67  5:11  Probe  
  68  5:14  Twilight Council  
  68  5:16  Probe  
  68  5:18  Probe  
  68  5:19  Shield Battery  
  70  5:22  Stalker  
  70  5:23  Probe  
  70  5:25  Immortal (Chrono Boost)  
  70  5:28  Probe  
  78  5:31  Probe  
  78  5:32  Pylon  
  78  5:35  Probe  
  80  5:40  Probe  
  80  5:41  Blink (Chrono Boost)  
  81  5:43  Probe  
  81  5:47  Assimilator, Probe  
  81  5:48  Gateway  
  83  5:50  Assimilator  
  83  5:52  Gateway, Probe  
  84  5:57  Gateway  
  84  5:59  Immortal (Chrono Boost)  
  84  6:03  Probe  
  89  6:04  Probe  
  89  6:05  Probe  
  89  6:08  Gateway  
  91  6:13  Sentry  
  91  6:18  Gateway  
  93  6:19  Gateway  
  93  6:23  Pylon  
  93  6:25  Pylon  
  93  6:31  Photon Cannon, Warp Prism (Chrono Boost)  
  95  6:34  Sentry  
  97  6:40  Sentry  
  97  6:42  Pylon  
  97  6:44  Sentry  
  101  6:51  Sentry x2  
  105  6:54  Gateway  
  105  6:55  Observer (Chrono Boost)  
  105  6:56  Pylon  
  105  6:57  Pylon  
  105  6:59  Stalker  
  108  7:04  Pylon  
  108  7:06  Stalker x2  
  112  7:18  Stalker x5  
  122  7:34  Protoss Ground Weapons Level 2 (Chrono Boost), Robotics Bay  
  122  7:37  Probe  
  122  7:38  Robotics Facility  
  122  7:43  Stalker  
  123  7:50  Nexus  
  123  7:51  Stalker x2  
  126  8:00  Dark Shrine  
  126  8:04  Probe x3  
  129  8:17  Pylon  
  129  8:19  Stalker x3  
  135  8:20  Stalker x6  
  135  8:24  Disruptor (Chrono Boost), Nexus  
  135  8:26  Pylon  
  153  8:37  Disruptor (Chrono Boost)  
  153  8:42  Pylon  
  153  8:45  Charge (Chrono Boost)  
  153  8:52  Stalker x4  
  161  8:56  Zealot x5  
  161  8:59  Probe x2  
  161  9:00  Probe  
  172  9:12  Disruptor x2  
  176  9:21  Nexus  
  175  9:27  Pylon x2  
  175  9:34  Pylon  
  175  9:35  Zealot, Dark Templar x2  
  181  9:44  Archon  
  181  9:49  Dark Templar x3  
  187  9:54  Photon Cannon  
  187  9:56  Archon, Shield Battery  
  187  9:59  Assimilator  
  187  10:03  Assimilator  
  169  10:14  Stalker x5  
  169  10:18  Stalker  
  152  10:34  Probe x2  
  152  10:35  Probe x2  
  156  10:38  Zealot x2  
  156  10:39  Dark Templar x4  
  156  10:42  Zealot, Shield Battery  
  170  10:43  Archon  
  170  10:44  Archon  
  170  10:45  Shield Battery  
  170  10:46  Probe x2  
  170  10:47  Probe  
  173  10:56  Dark Templar, Shield Battery  
  173  10:57  Dark Templar  
  177  11:05  Zealot x3  
  183  11:15  Dark Templar x2  
  183  11:16  Zealot x2  
  188  11:20  Archon  
  188  11:27  Dark Templar x2  
  190  11:32  Archon  
  190  11:33  Archon  
  190  11:39  Dark Templar x2  
  194  11:40  Zealot x3  
  194  11:44  Archon  
  200  11:53  Stalker x2  
  190  11:59  Probe  
  190  12:00  Stalker, Probe  
  190  12:01  Stalker x4  
  155  12:09  Assimilator  
  155  12:10  Pylon  
  155  12:15  Dark Templar x2  
  155  12:17  Dark Templar x2  
  163  12:23  Archon x2  
  163  12:26  Probe  
  164  12:31  Dark Templar x3  
  164  12:36  Archon  
  170  12:37  Dark Templar  
  170  12:41  Archon  
  170  12:42  Zealot  
  174  12:49  Dark Templar  
  174  12:50  Pylon, Dark Templar  
  178  12:52  Nexus  
  178  12:53  Probe x2  
  178  12:56  Archon  
  178  12:59  Zealot x2  
  172  13:06  Zealot, Stalker x3  
  173  13:13  Zealot  
  161  13:20  Probe x4  
  161  13:24  Zealot, Dark Templar x3  
  167  13:35  Archon  
  167  13:36  Dark Templar  
  167  13:37  Probe x3  
  167  13:38  Probe  
  167  13:44  Dark Templar x2  
  167  13:45  Zealot  
  173  13:49  Archon, Probe x2  
  173  13:50  Probe x2  
  173  13:54  Archon  
  177  13:57  Stalker  
  177  13:59  Zealot x2  
  177  14:01  Probe x2  
  177  14:02  Probe x2  
  186  14:05  Dark Templar x2  
  186  14:09  Archon  
  180  14:13  Zealot x2  
  159  14:19  Dark Templar  
  159  14:23  Dark Templar  
  157  14:30  Zealot x3  
  146  14:51  Stalker x4  
  84  15:01  Stalker x2  
Show
View Real Time Build Order
Export as new Build Order

Reynor Zerg - Winner!

Build Orders: Hatch First 

Get SALT Encoding   

  12  0:00  Drone  
  13  0:11  Drone  
  14  0:15  Extractor  
  14  0:16  Drone  
  15  0:36  Hatchery  
  15  0:41  Extractor  
  15  0:42  Drone  
  15  0:49  Overlord  
  15  1:03  Spawning Pool  
  14  1:07  Drone  
  14  1:10  Drone  
  16  1:15  Drone  
  17  1:19  Drone  
  18  1:29  Drone  
  18  1:30  Extractor  
  18  1:39  Drone  
  19  1:49  Drone  
  19  1:50  Queen x2  
  19  1:53  Drone  
  25  2:00  Drone  
  26  2:03  Overlord  
  26  2:10  Drone  
  26  2:12  Zergling x2  
  28  2:22  Drone x2  
  30  2:31  Drone  
  30  2:34  Hatchery  
  30  2:39  Drone  
  30  2:42  Zergling x2  
  32  2:44  Overlord  
  32  2:49  Queen  
  34  2:55  Drone x2  
  36  2:59  Overlord  
  36  3:03  Drone x2  
  38  3:05  Drone  
  38  3:08  Metabolic Boost  
  39  3:15  Queen  
  39  3:17  Drone  
  39  3:19  Drone  
  43  3:21  Drone  
  43  3:26  Drone  
  45  3:28  Drone x2  
  45  3:31  Queen  
  49  3:37  Zergling x4  
  49  3:38  Zergling x2  
  52  3:41  Overlord  
  52  3:46  Spore Crawler  
  52  3:48  Drone  
  50  3:49  Drone x2  
  53  3:55  Queen  
  53  3:57  Zergling x4  
  53  3:59  Drone  
  53  4:00  Drone  
  59  4:04  Drone x2  
  59  4:06  Drone  
  59  4:07  Drone  
  63  4:13  Overlord  
  63  4:14  Drone x2  
  63  4:15  Drone  
  66  4:19  Spore Crawler, Drone  
  66  4:29  Overlord  
  66  4:30  Spore Crawler  
  66  4:31  Spore Crawler, Drone  
  66  4:32  Drone x4  
  66  4:35  Drone  
  66  4:37  Drone x2  
  72  4:41  Zergling x4  
  72  4:47  Zergling x6  
  72  4:50  Drone  
  72  4:51  Drone  
  74  4:57  Drone  
  74  4:58  Drone  
  72  5:01  Drone  
  72  5:03  Drone  
  72  5:04  Drone x2  
  72  5:05  Drone x2  
  72  5:06  Drone  
  76  5:09  Drone x3  
  76  5:13  Overlord, Drone x2  
  81  5:18  Drone  
  81  5:20  Evolution Chamber  
  81  5:24  Drone  
  81  5:26  Overlord  
  82  5:31  Queen, Drone, Lair  
  82  5:33  Drone  
  82  5:35  Drone  
  86  5:37  Drone  
  86  5:38  Drone x2  
  86  5:42  Overlord  
  87  5:45  Hatchery  
  87  5:47  Zerg Melee Weapons Level 1  
  86  5:50  Drone  
  86  5:51  Extractor x2, Drone  
  86  5:53  Drone x3  
  86  5:55  Extractor  
  88  5:59  Drone x2  
  88  6:00  Roach Warren  
  88  6:02  Overlord  
  88  6:03  Drone x2  
  91  6:05  Drone x2  
  91  6:07  Drone x2  
  91  6:11  Extractor x2, Overlord  
  93  6:24  Drone x2  
  93  6:25  Overlord  
  94  6:26  Queen  
  94  6:30  Drone x2  
  94  6:31  Drone  
  99  6:33  Drone  
  99  6:34  Drone  
  99  6:38  Drone  
  99  6:39  Overlord  
  100  6:40  Roach x5, Glial Reconstitution, Zergling x2  
  100  6:42  Roach  
  100  6:44  Roach  
  115  6:49  Queen  
  115  6:50  Overlord  
  115  6:51  Roach x2, Zergling x2  
  115  6:53  Extractor  
  121  6:55  Overlord  
  121  6:56  Zergling x2  
  121  6:58  Roach  
  121  6:59  Spine Crawler  
  123  7:05  Roach x2, Zergling x4  
  134  7:08  Roach x2, Zergling x6  
  134  7:10  Overlord  
  134  7:11  Ravager x3  
  134  7:12  Ravager  
  139  7:16  Roach x2  
  139  7:17  Queen  
  139  7:20  Ravager  
  146  7:23  Zergling x10  
  150  7:30  Roach, Zergling x4  
  150  7:33  Roach, Zergling x2  
  150  7:34  Baneling Nest  
  150  7:36  Ravager x2  
  150  7:37  Ravager, Overlord x2  
  159  7:41  Spore Crawler  
  158  7:45  Zerg Melee Weapons Level 2  
  158  7:47  Overlord  
  158  7:53  Overlord  
  158  7:58  Drone x9  
  166  8:01  Extractor  
  166  8:02  Zergling x6  
  166  8:09  Zergling x10  
  166  8:10  Zergling x2  
  168  8:16  Zergling x4  
  168  8:17  Zergling x4  
  168  8:18  Centrifugal Hooks  
  171  8:20  Infestation Pit  
  171  8:21  Drone x3  
  173  8:30  Zergling x10  
  173  8:31  Hatchery  
  177  8:38  Overlord  
  177  8:43  Pneumatized Carapace  
  177  8:44  Zergling x14  
  177  8:46  Overlord  
  177  8:48  Drone  
  182  8:50  Zergling x4  
  182  8:52  Overlord  
  178  8:57  Hatchery  
  178  8:59  Zergling x2, Hive  
  178  9:00  Zergling x8  
  181  9:12  Zergling x20  
  173  9:18  Roach x2, Zergling x10  
  173  9:20  Ravager x3  
  184  9:34  Zergling x2  
  184  9:35  Zergling x18  
  184  9:37  Baneling x5  
  184  9:38  Baneling x20  
  194  9:45  Drone  
  194  9:57  Zergling x18  
  182  10:15  Zergling x30  
  182  10:18  Roach  
  175  10:21  Roach  
  175  10:24  Zerg Melee Weapons Level 3  
  175  10:27  Viper x3  
  179  10:30  Zergling x16  
  179  10:32  Adrenal Glands  
  179  10:37  Roach, Zergling x6  
  179  10:40  Baneling x22  
  183  10:44  Drone x3  
  183  10:46  Zergling x6  
  189  10:51  Baneling x10  
  189  10:54  Zergling x6  
  192  10:59  Zergling x10  
  192  11:00  Zergling x2  
  193  11:18  Baneling x39  
  192  11:21  Zergling x8  
  194  11:31  Zergling x2  
  194  11:32  Zergling x16  
  197  11:53  Zergling x10  
  197  11:54  Zergling x40  
  157  12:03  Roach  
  157  12:05  Roach x5  
  157  12:06  Roach x2  
  163  12:13  Baneling  
  163  12:14  Roach x3, Baneling x14, Zergling x2  
  170  12:18  Roach x2, Zergling x2  
  173  12:23  Roach x2, Zergling x8  
  173  12:28  Ravager x8  
  191  12:30  Roach x2  
  193  12:37  Zergling x12  
  199  12:48  Baneling  
  199  12:49  Baneling x3  
  178  13:06  Zergling x34  
  178  13:07  Zergling x14  
  178  13:12  Roach x2, Zergling x6  
  199  13:18  Zergling x2  
  199  13:24  Zergling x14  
  192  13:28  Viper x2  
  186  13:34  Zergling x2  
  186  13:35  Zergling x18  
  186  13:39  Zergling x2  
  186  13:40  Zergling x6  
  197  13:44  Baneling x18  
  197  13:45  Baneling x17  
  197  13:50  Zergling x4  
  199  14:01  Overseer  
  199  14:09  Zergling x2  
  192  14:17  Zergling x18  
  192  14:20  Overlord  
  196  14:27  Zergling x14  
  190  14:32  Baneling x19  
  190  14:33  Baneling x11  
  190  14:34  Overseer  
  190  14:36  Zergling x24  
  192  14:44  Roach, Zergling x16  
  184  14:47  Roach  
  163  14:53  Roach  
Tags
 
Add a new tag
Caveats
  • Supply blocks, unpowered buildings, or Contaminate may cause inaccurate times.
  • Supply counts are checked every 10 seconds.